 Dungeon Crawl Stone Soup version 0.23-a0-577-g2b1de94 (webtiles) character file.

5936 Lanoc the Archer (level 10, -3/86 HPs)
             Began as a Centaur Chaos Knight on Dec 15, 2018.
             Was a Plaything of Xom.
             Slain by an eight-headed hydra (7 damage)
             ... on level 2 of the Lair of Beasts.
             The game lasted 00:28:23 (7190 turns).

Lanoc the Archer (Centaur Chaos Knight)             Turns: 7190, Time: 00:28:25

Health: -3/86      AC:  7    Str: 15    XL:     10   Next: 54%
Magic:  0/10       EV: 11    Int: 16    God:    Xom [..*...]
Gold:   463        SH:  0    Dex: 12    Spells: 9/9 levels left

rFire    . . .     SeeInvis .   a - +0 spear (chaos)
rCold    . . .     Gourm    .   (no shield)
rNeg     + . .     Faith    .   b - +2 leather armour
rPois    .         Spirit   +   (helmet restricted)
rElec    .         Reflect  .   v - scarf {Spirit}
rCorr    .         Harm     .   h - +0 pair of gloves
MR       .....                  (no barding)
Stlth    +.........             u - amulet of regeneration
HPRegen  0.64/turn              s - +5 ring of intelligence
MPRegen  0.12/turn              D - ring of positive energy

@: very quick
A: large, antennae 1, claws 1, hooves 3, deformed body, speed 2, sense
surroundings 1, screaming 1, tough skin 3, no potion heal 1, MP-powered wands
a: Renounce Religion


You were on level 2 of the Lair of Beasts.
You worshipped Xom.
You were a toy of Xom.
You were not hungry.

You visited 3 branches of the dungeon, and saw 12 of its levels.

You collected 463 gold pieces.

Inventory:

Hand Weapons
 a - a +0 spear of chaos (weapon)
 A - a +2 shortbow of freezing
Missiles
 B - 47 arrows
Armour
 b - a +2 leather armour (worn)
 h - a +0 pair of gloves (worn)
 v - a scarf of spirit shield (worn)
 z - a +1 scale mail of fire resistance
 F - a +1 helmet of intelligence
Jewellery
 i - an uncursed ring of protection from fire
 s - a +5 ring of intelligence (left hand)
 u - an amulet of regeneration (around neck)
 D - a ring of positive energy (right hand)
Wands
 p - a wand of flame (17)
 y - a wand of enslavement (6)
 I - a wand of polymorph (8)
 J - a wand of digging (9)
Scrolls
 j - 5 scrolls of teleportation {unknown}
 k - a scroll of torment {unknown}
 m - 4 scrolls of remove curse {unknown}
 r - 3 scrolls of fog {unknown}
 x - a scroll of fear
 C - 2 scrolls of enchant weapon
 E - a scroll of magic mapping
 H - 2 scrolls of immolation {unknown}
Potions
 d - a potion of heal wounds
 e - a potion of lignification
 f - 4 potions of berserk rage {unknown}
 g - a potion of mutation
 l - a potion of resistance
 n - 2 potions of flight
 o - 4 potions of haste {unknown}
 t - 2 potions of agility
 w - 3 potions of curing {unknown}
Comestibles
 c - 9 rations
 q - a chunk of flesh


   Skills:
 + Level 7.6 Fighting
 * Level 9.5 Polearms
 * Level 9.9 Bows
 - Level 1.4 Armour
 + Level 5.3 Dodging


You had 9 spell levels left.
You didn't know any spells.
Your spell library contained the following spells:

 Spells                   Type           Power        Failure   Level  Hunger
 Animate Skeleton         Necr           N/A          30%         1    ##.....
 Apportation              Tloc           #.....       30%         1    ##.....
 Beastly Appendage        Tmut           #.....       30%         1    ##.....
 Confusing Touch          Hex            #.....       30%         1    ##.....
 Summon Small Mammal      Summ           #...         30%         1    ##.....
 Poisonous Vapours        Pois/Air       #.....       43%         2    ###....
 Sticks to Snakes         Tmut           #.......     43%         2    ###....
 Conjure Flame            Conj/Fire      #.......     67%         3    ####...
 Mephitic Cloud           Conj/Pois/Air  #.......     67%         3    ####...
 Spider Form              Tmut/Pois      #.........   67%         3    ####...
 Ice Form                 Ice/Tmut       #.......     97%         4    #####..
 Blade Hands              Tmut           #.........   100%        5    ######.
 Freezing Cloud           Conj/Ice/Air   #.........   100%        6    #######
 Ring of Flames           Chrm/Fire      #.........   100%        7    #######


Dungeon Overview and Level Annotations

Branches:
Dungeon (9/15)             Temple (1/1) D:5            Lair (2/6) D:9
  Swamp: Lair:2-4    Shoals: Lair:2-4     Snake: Lair:2-4    Spider: Lair:2-4
    Orc: D:9-12

Altars:
Cheibriados
Dithmenos
Gozag
Hepliaklqana
Makhleb
Nemelex Xobeh
Qazlal
Wu Jian
Xom
The Shining One

Shops:
D:5 =   D:7 (

Annotations:
D:9 Erolcha
Lair:2 exclusion: oklob plant
Abyss:1 Edmund


Innate Abilities, Weirdness & Mutations

You have hooves in place of feet.
Armour fits poorly on your strangely shaped body.
You cover ground very quickly.
You have extremely tough skin. (AC +3)
You have a pair of small antennae on your head.
You have sharp fingernails.
You passively map a small area around you.
You occasionally shout uncontrollably at your foes.
Potions are less effective at restoring your health.
You expend magic power (3 MP) to strengthen your wands.


Message History

Attack whom?
Press: ? - help, Dir - move target cursor, f/p - eight-headed hydra
Aim: an eight-headed hydra (berserk, fast, unusually strong, confused)
You reach to attack!
You hit the eight-headed hydra. You burn the eight-headed hydra.
The eight-headed hydra is lightly wounded.
You puncture the eight-headed hydra!
The eight-headed hydra seems to slow down.
You freeze the eight-headed hydra. You kick the eight-headed hydra!
The eight-headed hydra is lightly wounded.
The eight-headed hydra seems less confused.
The eight-headed hydra bites you! x2
The eight-headed hydra closely misses you.
The eight-headed hydra bites you! x2
* * * LOW HITPOINT WARNING * * *
The eight-headed hydra bites you!!
* * * LOW HITPOINT WARNING * * *
The eight-headed hydra misses you. The eight-headed hydra bites you!
You die...
Xom guffaws!

......###....##***
......# #.....##
.....## #.#...P#
#...#.# #......##
#...### ####....#
.#.## ##...## ...#
##...# ..### #...#
....# ##.@###
...## #.D.P# ..##
##...## ..P#
#.#...## #..#
########....# ####
#.#.........##
####............#
#.#............##
#.............#


You could see an eight-headed hydra (berserk).

Vanquished Creatures
  Harold (D:7)
  2 spiny frogs (Lair:2)
  A rime drake (Lair:2)
  A komodo dragon (Lair:2)
  A hippogriff (Lair:2)
  A blink frog (Lair:2)
  A yak (D:9)
  A hungry ghost (D:7)
  3 water moccasins
  5 porcupines
  A sky beast (D:5)
  A phantom (D:5)
  A black bear (D:4)
  A boggart (shapeshifter) (D:7)
  2 ogres (D:5)
  3 centaurs
  A crocodile (D:9)
  A big kobold (D:8)
  6 bullfrogs
  2 scorpions
  3 wights (D:6)
  3 howler monkeys (D:7)
  2 crimson imps (D:8)
  A bullfrog zombie (D:7)
  A quasit (D:8)
  2 orc priests
  2 hounds
  A bullfrog skeleton (D:5)
  A hound (shapeshifter) (D:3)
  5 orc wizards
  3 iguanas
  Natasha (D:3)
  4 worker ants
  A killer bee zombie (D:8)
  2 hound zombies (D:4)
  2 worker ant zombies (D:5)
  6 adders
  A shadow imp (D:6)
  An ooze (D:4)
  An adder zombie (D:6)
  3 worms
  2 dart slugs (D:3)
  7 leopard geckos
  11 orcs
  6 bats
  6 giant cockroaches
  5 goblins
  5 hobgoblins
  11 jackals
  11 kobolds
  A quokka (D:8)
  4 ball pythons
  4 frilled lizards
  A jackal skeleton (D:5)
  A jackal zombie (D:6)
  8 rats
165 creatures vanquished.

Vanquished Creatures (collateral kills)
  Joseph (D:8)
1 creature vanquished.

Vanquished Creatures (others)
  An orc wizard (D:6)
  14 fungi (D:9)
  4 plants (D:9)
  5 toadstools (D:7)
24 creatures vanquished.

Grand Total: 190 creatures vanquished

Notes
Turn   | Place    | Note
-------+----------+-------------------------------------------
     0 | D:1      | Lanoc the Centaur Chaos Knight began the quest for the Orb.
     0 | D:1      | Reached XP level 1. HP: 19/19 MP: 1/1
   196 | D:1      | Reached XP level 2. HP: 24/26 MP: 2/2
   207 | D:1      | Reached skill level 1 in Dodging
   474 | D:2      | Reached XP level 3. HP: 31/31 MP: 3/3
   684 | D:2      | XOM: noise
   695 | D:2      | Found a stormy altar of Qazlal.
   758 | D:2      | Reached XP level 4. HP: 33/38 MP: 4/4
  1206 | D:3      | Noticed Natasha
  1215 | D:3      | Killed Natasha
  1239 | D:3      | Noticed Natasha
  1250 | D:3      | Natasha changed into Natasha the hound
  1264 | D:3      | Reached XP level 5. HP: 15/46 MP: 5/5
  1673 | D:4      | XOM: divination: detect items
  1817 | D:4      | Noticed Edmund
  1841 | D:4      | XOM: enchant monster (good)
  1926 | D:4      | Noticed an ogre
  1964 | D:4      | XOM: divine lightning
  1975 | D:4      | Banished Edmund
  1985 | D:4      | Noticed a black bear
  1985 | D:4      | XOM: polymorph something unseen -> black bear
  2006 | D:4      | XOM: mild Erth miscast
  2007 | D:4      | Killed a black bear
  2007 | D:4      | Reached skill level 5 in Polearms
  2007 | D:4      | Reached XP level 6. HP: 28/53 MP: 2/6
  2101 | D:4      | XOM: mild Tmut miscast
  2209 | D:5      | Entered Level 5 of the Dungeon
  2233 | D:5      | Found an opulent altar of Gozag.
  2235 | D:5      | Found a burning altar of Makhleb.
  2235 | D:5      | Found a sparkling altar of Nemelex Xobeh.
  2279 | D:5      | Found a shimmering altar of Xom.
  2357 | D:5      | XOM: give mutations
  2357 | D:5      | Gained mutation: You have sharp fingernails. [Xom's
                  | mischief]
  2357 | D:5      | Gained mutation: You occasionally shout uncontrollably at
                  | your foes. [Xom's mischief]
  2357 | D:5      | Gained mutation: Your system is resistant to poisons.
                  | (rPois) [Xom's mischief]
  2357 | D:5      | Gained mutation: You are weak. (Str -2) [Xom's mischief]
  2504 | D:5      | Reached XP level 7. HP: 49/60 MP: 4/7
  2605 | D:5      | Reached skill level 5 in Fighting
  2938 | D:5      | Found Funela's Jewellery Shoppe.
  2990 | D:5      | Found a staircase to the Ecumenical Temple.
  2995 | Temple   | Entered the Ecumenical Temple
  3434 | D:6      | XOM: medium Pois miscast
  3442 | D:6      | Reached skill level 1 in Bows
  3470 | D:6      | Reached XP level 8. HP: 69/69 MP: 8/8
  3525 | D:6      | XOM: mild Hex miscast
  4064 | D:6      | Found a hazy altar of Hepliaklqana.
  4112 | D:7      | Found Geabarentu's Weapon Shoppe.
  4178 | D:7      | Found a snail-covered altar of Cheibriados.
  4367 | D:7      | XOM: enchant monster (good)
  4609 | D:7      | Noticed Harold
  4610 | D:7      | XOM: potion effect (might)
  4613 | D:7      | XOM: cast spell 'Metabolic Englaciation'
  4617 | D:7      | XOM: summons friendly white imp
  4641 | D:7      | Killed Harold
  4641 | D:7      | Reached XP level 9. HP: 45/75 MP: 5/9
  4643 | D:7      | XOM: confusion (+ monsters)
  4913 | D:8      | XOM: scenery: create altars
  5343 | D:8      | XOM: enchant monster (bad)
  5361 | D:8      | XOM: harmless Pois miscast
  5490 | D:8      | XOM: silly message
  5510 | D:8      | Noticed Joseph
  5529 | D:8      | Killed Joseph
  5689 | D:9      | Noticed a troll
  5695 | D:9      | XOM: fog
  5698 | D:9      | XOM: enchant monster (bad)
  5702 | D:9      | XOM: cleaving
  5716 | D:9      | Found a staircase to the Lair.
  5716 | D:9      | XOM: 1-stop teleportation journey
  5794 | D:9      | XOM: 2-stop teleportation journey
  5794 | D:9      | Noticed Erolcha
  5801 | D:9      | XOM: blink monster(s)
  5802 | D:9      | XOM: swap monsters
  5832 | D:9      | XOM: noise
  5843 | D:9      | Noticed a guardian serpent
  5843 | D:9      | a yak changed into a guardian serpent
  5843 | D:9      | XOM: polymorph yak -> guardian serpent
  5848 | D:9      | XOM: silly message
  5849 | D:9      | Lost mutation: You occasionally shout uncontrollably at
                  | your foes. [potion of mutation]
  5849 | D:9      | Lost mutation: You are weak. (Str -2) [potion of mutation]
  5849 | D:9      | Lost mutation: Your system is resistant to poisons. (rPois)
                  | [potion of mutation]
  5849 | D:9      | Gained mutation: You passively map a small area around you.
                  | [potion of mutation]
  5849 | D:9      | Gained mutation: Potions are less effective at restoring
                  | your health. [potion of mutation]
  5849 | D:9      | Gained mutation: You have a pair of small antennae on your
                  | head. [potion of mutation]
  5849 | D:9      | Gained mutation: You expend magic power (3 MP) to
                  | strengthen your wands. [potion of mutation]
  5849 | D:9      | XOM: butterfly on damage
  5851 | D:9      | XOM: polymorph butterfly -> gnoll
  5876 | D:9      | XOM: swap monsters
  5923 | D:9      | XOM: 4-stop teleportation journey
  6066 | D:9      | Reached XP level 10. HP: 37/86 MP: 3/10
  6080 | Lair:1   | Entered Level 1 of the Lair of Beasts
  6151 | Lair:1   | XOM: confuse monster(s)
  6155 | Lair:1   | You fall through a shaft!
  6158 | Lair:2   | Noticed an oklob plant
  6300 | Lair:2   | Noticed a spiny frog
  6321 | Lair:2   | a spiny frog changed into a blink frog
  6329 | Lair:2   | XOM: confuse monster(s)
  6399 | Lair:2   | XOM: summons friendly iron imp
  6418 | Lair:2   | XOM: cast spell 'Call Canine Familiar'
  6423 | Lair:2   | XOM: divination: detect items
  6432 | Lair:2   | Reached skill level 5 in Dodging
  6439 | Lair:2   | XOM: enchant monster (good)
  6448 | Lair:2   | Noticed a spiny frog
  6507 | Lair:2   | Killed a spiny frog
  6508 | Lair:2   | HP: 4/86 [poisoned by a spiny frog]
  6513 | Lair:2   | HP: 2/86 [poisoned by a spiny frog]
  6518 | Lair:2   | HP: 1/86 [poisoned by a spiny frog]
  6523 | Lair:2   | HP: 2/86 [poisoned by a spiny frog]
  6528 | Lair:2   | HP: 3/86 [poisoned by a spiny frog]
  6766 | Lair:2   | XOM: god gift: 46 gold pieces
  6963 | Lair:2   | Noticed a spiny frog
  6968 | Lair:2   | XOM: enchant monster (good)
  6972 | Lair:2   | XOM: scenery: create altars
  6991 | Lair:2   | Killed a spiny frog
  7053 | Lair:2   | XOM: 1-stop teleportation journey
  7154 | Lair:2   | Noticed an eight-headed hydra
  7158 | Lair:2   | XOM: give mutation
  7158 | Lair:2   | Gained mutation: You occasionally shout uncontrollably at
                  | your foes. [Xom's mischief]
  7180 | Lair:2   | XOM: confuse monster(s)
  7183 | Lair:2   | XOM: divination: magic mapping
  7190 | Lair:2   | HP: 4/86 [eight-headed hydra (20)]
  7190 | Lair:2   | Slain by an eight-headed hydra

Vault maps used:
D:1:      dpeg_arrival_subterranean_lakeside_camping
D:2:      nicolae_qazlal_general_emergency
D:3:      led_sif_pool, uniq_natasha
D:4:      first_ration, kennysheep_another_room, hangedman_feature_mirror,
          uniq_edmund
D:5:      nicolae_overflow_quartered_altars, minmay_temple_entry_nine_rooms,
          serial_shops, shop, hangedman_decor_clover_reticule
D:6:      lemuel_coloured_pillars_altar
D:7:      cheibrodos_fertilizer, cheibriados_altar_1, serial_shops,
          nicolae_shop_waterfront, uniq_harold
D:8:      uniq_joseph
D:9:      due_lair_maze_entry_diamond, uniq_erolcha
Temple:   eino_temple_rhombus
Lair:1:   serial_bayou_shore_a, lemuel_fruit_tree, grunt_megastairs_1,
          serial_bayou_shore_b, infiniplex_staircase_pool
Lair:2:   minmay_lair_oklob_chamber

Skill      XL: |  1  2  3  4  5  6  7  8  9 10 |
---------------+-------------------------------+-----
Polearms       | 3 4 5 6 7 8 9 |  9.5
Dodging        | 1 2 3 4 5 |  5.3
Fighting       | 4 5 6 7 |  7.6
Bows           | 1 6 8 9 |  9.9
Armour         | |  1.4

Action                   |  1- 3 |  4- 6 |  7- 9 | 10-12 || total
-------------------------+-------+-------+-------+-------++-------
Melee: Spear             |   123 |   179 |   477 |   167 ||   946
       Kick              |    13 |    34 |   103 |    31 ||   181
 Fire: Shortbow          |       |       |     4 |       ||     4
  Use: Scroll            |       |       |     3 |     8 ||    11
       Potion            |       |       |     2 |       ||     2
 Stab: Petrified         |       |       |    19 |    20 ||    39
       Petrifying        |       |       |     2 |     2 ||     4
       Confused          |       |       |     2 |       ||     2
       Paralysed         |       |       |     1 |    17 ||    18
       Sleeping          |       |       |     1 |       ||     1
  Eat: Chunk             |       |     3 |    11 |     3 ||    17
Armor: Leather armour    |    38 |    45 |    82 |    10 ||   175
Dodge: Dodged            |    46 |    51 |   128 |    23 ||   248

Table legend:
 A = Non-vault XP
 B = Vault XP
 C = Vault XP percentage of total XP
 D = Non-vault monster count
 E = Vault monster count
 F = Vault count percentage of total count
                 A         B        C        D         E       F
            +---------+---------+-------+---------+---------+-------
      Total |    6248 |    2233 |  26.3 |     152 |      16 |   9.5
            +---------+---------+-------+---------+---------+-------
        D:1 |      26 |       9 |  25.7 |      16 |       6 |  27.3
        D:2 |      73 |       0 |   0.0 |      18 |       0 |   0.0
        D:3 |      64 |      35 |  35.4 |      13 |       1 |   7.1
        D:4 |     250 |      46 |  15.5 |       9 |       1 |  10.0
        D:5 |     823 |       0 |   0.0 |      22 |       0 |   0.0
        D:6 |     560 |       0 |   0.0 |      17 |       0 |   0.0
        D:7 |     513 |     987 |  65.8 |       6 |       1 |  14.3
        D:8 |     875 |     324 |  27.0 |      29 |       1 |   3.3
        D:9 |     185 |     832 |  81.8 |       9 |       6 |  40.0
     Lair:1 |     153 |       0 |   0.0 |       1 |       0 |   0.0
     Lair:2 |    2726 |       0 |   0.0 |      12 |       0 |   0.0
            +---------+---------+-------+---------+---------+-------
